[Event "51st Rilton Cup 2023-24"]
[Site "Stockholm"]
[Date "2024.01.03"]
[Round "7.3"]
[White "Sokolovsky, Yahli"]
[Black "Socko, Bartosz"]
[Result "1/2-1/2"]
[ECO "C01"]
[WhiteElo "2443"]
[BlackElo "2550"]
[Annotator "TA"]
[PlyCount "110"]
[EventDate "2023.12.27"]
[EventType "swiss"]
[EventCountry "SWE"]
[SourceTitle "playchess.com"]
[Source "ChessBase"]
[SourceQuality "1"]
[TimeControl "40/5400+30:1800+30"]

1. e4 e5 2. Nf3 Nf6 3. Nxe5 d6 4. Nf3 Nxe4 5. d3 Nf6 6. d4 d5 7. Bd3 Bd6 8. O-O O-O 9. h3 Re8 10. c3 {[%emt 0:05:14] C01: French: Exchange Variation.} Nbd7 11. Bg5 Nf8 12. Qc2 h6 13. Bh4 {[%emt 0:00:18] [#]} g5 $146 ({Predecessor:} 13... Ne6 14. Re1 Bd7 15. Nbd2 Nf4 16. Ne5 Nxd3 17. Qxd3 Be6 18. Re2 Be7 19. Qf3 Nh7 20. Bxe7 Qxe7 21. Rae1 Qd6 {1-0 Tkachiev,V (2642)-Ivanchuk,V (2739) Wch Blitz 4th 2009 (17)}) 14. Bg3 g4 (14... Ne4 {simplifies} 15. Bxd6 Nxd6 16. Nbd2 Qf6) 15. Ne5 ({White should try} 15. hxg4 $1 $11 Bxg3 16. fxg3) 15... gxh3 $15 {[%emt 0:04:20] Threatens to win with ...Nh5.} 16. Qc1 ({Better is} 16. Qd2 $15) 16... Ng4 17. f4 (17. Re1 $1 $15 Qg5 18. Qxg5+ hxg5 19. Nd2) 17... f6 $2 (17... hxg2 $19 18. Kxg2 f6 19. Nxg4 Bxg4) 18. gxh3 $11 fxe5 19. fxe5 (19. hxg4 $2 exd4 20. Qc2 Re3 $19) 19... Nxe5 {[%emt 0:02:43][%mdl 64] [#] Discovered Attack} 20. dxe5 Bc5+ (20... Bxe5 $11 21. Rxf8+ (21. Bxe5 Rxe5 22. Qxh6 Qg5+ 23. Qxg5+ Rxg5+ 24. Kh2 Kg7 $11) 21... Kxf8 22. Bxe5 (22. Qxh6+ $2 {is the wrong capture.} Bg7 $19) 22... Rxe5 23. Qf4+ (23. Qxh6+ $2 {loses.} Ke7 $19) 23... Bf5 {[%mdl 64] Decoy}) 21. Kh2 Qg5 22. Qxg5+ hxg5 23. Nd2 Re6 24. Nf3 (24. Nb3 {seems wilder.} Bb6 25. h4 Rh6 26. Rf6) 24... Rh6 25. h4 Ne6 26. Bf5 (26. Kg2 $5 ) 26... gxh4 {[%emt 0:01:32] The position is equal.} 27. Bf2 Bxf2 28. Rxf2 Ng7 29. Bxc8 Rxc8 30. Rg1 Rf8 31. Rfg2 Rxf3 32. Rxg7+ {[%emt 0:00:03][%mdl 4096] Endgame KRR-KRR} Kf8 33. Rxc7 Rf7 34. Rc8+ Ke7 35. Rgg8 {[%emt 0:02:56] [#] And now Rc7+ would win.} Ke6 36. Rce8+ Kd7 37. Rd8+ Kc6 38. Rc8+ Kb6 39. Rgd8 h3 40. Rf8 Rg7 41. Rg8 {[%emt 0:01:53] Prevents Rg2+.} Rg2+ 42. Rxg2 hxg2+ 43. Kxg2 {[%emt 0:00:30] Kg3 would be deadly. KR-KR} Re6 44. Kf2 Rxe5 45. Rf8 a5 46. Rf3 Kc5 47. Re3 Rh5 {[%emt 0:00:15] White must now prevent ...Rh2+.} 48. Ke1 a4 49. Kd2 Kc4 50. Kc2 Rh2+ 51. Kb1 b5 52. Rg3 Rh1+ 53. Kc2 Rh2+ 54. Kb1 Rh1+ 55. Kc2 Rh2+ {[%emt 0:00:02] Weighted Error Value: White=0.11 (very precise) /Black=0.10 (very precise)} 1/2-1/2

[Event "51st Rilton Cup 2023-24"]
[Site "Stockholm"]
[Date "2024.01.03"]
[Round "7.4"]
[White "Malek, Jan"]
[Black "Prraneeth Vuppala"]
[Result "1/2-1/2"]
[ECO "D37"]
[WhiteElo "2434"]
[BlackElo "2515"]
[Annotator "TA"]
[PlyCount "101"]
[EventDate "2023.12.27"]
[EventType "swiss"]
[EventCountry "SWE"]
[SourceTitle "playchess.com"]
[Source "ChessBase"]
[SourceQuality "1"]
[TimeControl "40/5400+30:1800+30"]

1. d4 d5 2. c4 e6 3. Nc3 h6 4. Nf3 Nf6 5. g3 Bd6 6. a3 {[%emt 0:00:34] [#] D37: Queen's Gambit Declined: 5 Bf4.} dxc4 $146 ({Better is} 6... O-O $11) ({Predecessor:} 6... O-O 7. g4 Ne4 8. Qc2 f5 9. gxf5 exf5 10. cxd5 Nd7 11. Rg1 Ndf6 12. Nxe4 fxe4 {0-1 Gukesh,D (2725)-Carlsen,M (2859) Speed Chess Chess.com INT blitz 2022 (1.29)}) 7. Nd2 (7. e4 $5 Be7 8. Bxc4 $16) 7... Bd7 8. Nxc4 {[%emt 0:11:06] White is slightly better.} Bc6 {[%emt 0:00:58] Prevents Bg2} 9. f3 Nd5 10. e4 Nxc3 11. bxc3 O-O 12. Na5 b6 13. Nxc6 Nxc6 14. Bd3 e5 15. Bb2 Na5 16. O-O c5 17. f4 cxd4 18. cxd4 exd4 19. e5 (19. Bxd4 Bxf4 20. Ba6 Nb3 21. gxf4 (21. Bb7 Qxd4+ 22. Qxd4 Nxd4 $17) 21... Nxd4 $17) 19... Bc5 20. Qf3 $1 {[%emt 0:00:07][%mdl 1024] Dodges Qd5. White has compensation.} Qd7 21. Rae1 (21. Qe4 {with more complications.} f5 22. exf6 gxf6 23. Qg6+) 21... Rae8 $1 22. Re2 b5 23. f5 Nc4 24. Rfe1 $1 f6 (24... Bxa3 $2 25. Bxa3 Nxa3 26. f6 $18) (24... Qc7 $1 $15 25. Qf4 f6) 25. e6 (25. exf6 $1 $11 Nxb2 {[%mdl 64] Pin} 26. fxg7 Kxg7 27. Re6 Rxe6 28. Rxe6) 25... Qd6 26. Bc1 $1 (26. e7 $2 Rf7 27. Kg2 Ne3+ 28. Rxe3 dxe3 $19) 26... Re7 (26... Nxa3 27. e7 Rf7 28. Bxa3 Bxa3 29. Bxb5 Rexe7 30. Be8 $16 (30. Bc4 Kh7 $16)) 27. Bf4 Qb6 (27... Qa6 $5 ) 28. Re4 (28. a4 $11) 28... Bd6 (28... Ne3 $5 29. Bxe3 dxe3 $15) 29. Bxh6 gxh6 $17 30. Rg4+ {[%emt 0:04:09][%cal Be4g4,Bg4g6,Bg6f6,Bf6f8,Bf8c8,Bc8c6][%mdl 32] [#]} Kh8 $2 (30... Kh7 $1 $17 {...Ne5 is the strong threat.} 31. Rh4 Qa5) 31. Rg6 $11 Rh7 {[%emt 0:04:28] aiming for ...Qa5.} (31... Nxa3 32. Rxh6+ Rh7 33. Qh5 Qb7 34. e7) 32. e7 $1 Re8 {[%emt 0:16:06][%mdl 8192] White now steadily converts the win.} (32... Rxe7 33. Rxe7 Ne5 34. Rxh6+ Kg8 35. Rh8+ Kxh8 36. Qh5+ Kg8 37. Qh7#) (32... Bxe7 $11 {and Black stays safe.} 33. Rxe7 Rxe7 34. Rxh6+ Rh7 35. Rxh7+ Kxh7 36. Qh5+ Kg8 37. Bxc4+ bxc4 38. Qg6+ Kh8 39. Qh5+ Kg8 40. Qg6+ Kh8 41. Qh5+ Kg8) 33. Rxf6 $18 {[%emt 0:09:32] Qh5 would kill now.} Ne3 $2 (33... Rexe7 34. Rf8+ Kg7 35. f6+ Kxf8 36. fxe7+ Ke8 37. Qf8+ Kd7 38. e8=Q+ Kc7 39. Qc8#) (33... Nxa3 34. Qh5 Qc6 35. Rxd6 Qa8 36. Rxh6) (33... Qb8 34. Qh5 Rexe7 35. Rxe7 Bxe7 36. Rxh6 Rxh6 37. Qxh6+ Kg8) 34. Qh5 (34. Rc1 $142 {Qh5 would be deadly.} Qb8 35. Rc6) 34... Rexe7 {[%emt 0:02:49] And now ...Qc6 would win.} (34... Rhxe7 {gets mated.} 35. Rxh6+ Kg8 36. Rh8+ Kg7 37. Qh6+ Kf7 38. Qg6#) (34... Qc6 $2 35. Rxe3 dxe3 36. Rxd6 $18) 35. Rf8+ (35. Rxh6 $2 {is the wrong capture.} Qc6 36. Bf1 Bxa3 37. Rxc6 Rxh5 $19) 35... Kg7 36. Rc8 $40 {[%emt 0:00:12][%csl Gd3,Gf5][%cal Rh5g6][%mdl 128] White attacks with force.} Bxa3 {[%emt 0:02:35] [#] Hoping for ...Rh8.} 37. Rxe3 $1 {[%emt 0:01:01][%mdl 576] Remove Defender} dxe3 (37... Rxe3 $2 38. Qg4+ Kf6 39. Qg6+ Ke5 40. Rc6) 38. Qg4+ Kf6 $2 {[%emt 0:00:55] [#]} (38... Kf7 39. Qg8+ Kf6 40. Rc6+ {[%mdl 64] Double Attack} Ke5 41. Rxb6 axb6) 39. Rc6+ $3 Qxc6 40. Qg6+ {[%emt 0:00:06][%mdl 64] Skewer} Ke5 {[%emt 0:00:03] ( -> ...Qc1+)} 41. Qxc6 Kd4 {[%emt 0:08:22] Strongly threatening ...e2.} 42. Qxb5 {[%emt 0:00:00] Black must now prevent Qc4+.} ({Much less strong is} 42. Bxb5 Rc7 43. Qf6+ Kd5 $18) 42... Rc7 {[%emt 0:00:38] Repels Qc4+} 43. Be2 Kc3 44. f6 Bc5 45. Kg2 Rhd7 46. g4 Bd4 47. Qf5 (47. g5 $142) 47... Kd2 {[%emt 0:01:16] White is clearly better.} 48. Qd3+ Kc1 {[%emt 0:00:02] [#]} 49. f7 Bg7 50. Qxe3+ Kb2 51. Qf4 {[%emt 0:01:49] A fantastic game!   Weighted Error Value: White=0.38/Black=0.39} 1/2-1/2

[Event "51st Rilton Cup 2023-24"]
[Site "Stockholm"]
[Date "2024.01.03"]
[Round "7.5"]
[White "Parkhov, Yair"]
[Black "Oratovsky, Michael"]
[Result "1-0"]
[ECO "C41"]
[WhiteElo "2495"]
[BlackElo "2421"]
[Annotator "TA"]
[PlyCount "87"]
[EventDate "2023.12.27"]
[EventType "swiss"]
[EventCountry "SWE"]
[SourceTitle "playchess.com"]
[Source "ChessBase"]
[SourceQuality "1"]
[TimeControl "40/5400+30:1800+30"]

1. d4 d6 2. e4 Nf6 3. Nc3 e5 4. Nf3 Nbd7 5. h3 c6 6. a4 {[%emt 0:00:14] C41: Philidor Defence.} exd4 7. Qxd4 {[%emt 0:04:38] [#]} Be7 $146 ({Predecessor:} 7... Nc5 8. Bc4 Be7 9. Be3 Qc7 10. O-O O-O 11. Rad1 Be6 12. Bxe6 fxe6 13. e5 Nd5 14. exd6 Bxd6 {1-0 Aplin,C (2042)-Salehian,S (1989) World ol U16 06th 2007 (10)}) 8. g4 {[%emt 0:14:18] White is slightly better.} O-O 9. g5 ({Better is} 9. Be3 $14) 9... Nh5 10. Be3 f6 11. g6 hxg6 12. Rg1 Ne5 13. Be2 Qe8 (13... Qd7 $5 ) 14. O-O-O {[%emt 0:07:42][%mdl 1024] White has compensation.} g5 {[%emt 0:00:42] Against Nh4} 15. Qd2 Kh8 16. Nd4 Qf7 (16... Bxh3 $2 17. Rh1 g4 18. f4 $18) 17. Rdf1 (17. h4 $5 Nf4 18. Bxf4 gxf4 19. Qxf4 $11) 17... g6 {[%emt 0:00:15] [#] Repels Nf5} ({Don't play} 17... Bxh3 18. Rh1 g4 19. Rfg1 $16) 18. h4 $1 g4 19. f4 gxf3 20. Nxf3 Qh7 21. Bh6 Rd8 22. Nd4 Bf8 (22... Rg8 $11) 23. Bxf8 $16 Rxf8 24. Nf3 (24. Bxh5 $16 {Hoping for Be2.} Qxh5 25. Nde2) 24... Bh3 $11 25. Rd1 Rad8 26. Kb1 Nf7 27. Qe3 a6 28. Nd4 Bc8 29. Rg2 Ne5 (29... Rde8 $5 ) 30. Rdg1 Rg8 31. a5 Rde8 32. Qf2 {[%emt 0:01:46] And now Bxh5 would win.} Ref8 33. Qe3 Re8 34. Qd2 Rd8 35. Na4 d5 (35... c5 $14 36. Nf3 Rge8) 36. exd5 $1 $16 Rxd5 {[%emt 0:00:15] ...Rgd8 would be deadly.} 37. Nb6 Rdd8 38. Qe3 Rde8 {[%emt 0:00:26] [#]} (38... Bd7 $142) 39. Qf2 {[%emt 0:01:06] White is much more active.} ({White should play} 39. Nxc8 $1 Rxc8 40. Nf3) 39... Rgf8 40. Bxh5 Qxh5 {[%emt 0:00:15] This costs Black the game.} (40... gxh5 $16 41. Nxc8 Rxc8) 41. Nxc8 $18 Rxc8 42. Ne6 {[%emt 0:00:00] Dodges Rcd8. Threatens to win with Nf4.} Qf3 (42... Rf7 $2 43. Nf4 Qh6 44. Nxg6+ Nxg6 45. Rxg6 $18) (42... Kh7 43. Nxf8+ Rxf8) 43. Nxf8 Rxf8 {[%emt 0:00:05] [#]} 44. Rxg6 $1 {[%emt 0:00:00] Weighted Error Value: White=0.16 (very precise) /Black=0.33} 1-0

[Event "51st Rilton Cup 2023-24"]
[Site "Stockholm"]
[Date "2024.01.03"]
[Round "7.6"]
[White "Moksh Amit Doshi"]
[Black "Chasin, Nico"]
[Result "0-1"]
[ECO "D35"]
[WhiteElo "2366"]
[BlackElo "2444"]
[Annotator "RC"]
[PlyCount "68"]
[EventDate "2023.12.27"]
[EventType "swiss"]
[EventCountry "SWE"]
[SourceTitle "playchess.com"]
[Source "ChessBase"]
[SourceQuality "1"]
[TimeControl "40/5400+30:1800+30"]

1. d4 Nf6 2. c4 e6 3. Nf3 d5 4. Nc3 Nbd7 5. Bf4 Bb4 6. cxd5 exd5 7. e3 Ne4 8. Qc2 g5 9. Be5 Nxe5 10. Nxe5 c6 11. Bd3 f6 12. Nf3 Qe7 13. O-O Bf5 14. Rfc1 Bg6 15. a3 Bd6 16. Bxe4 dxe4 17. Nd2 f5 18. Nc4 Bc7 19. d5 O-O 20. Rd1 Rf6 21. d6 Bxd6 22. Nxd6 Rxd6 23. Rxd6 Qxd6 24. Qb3+ Bf7 25. Qxb7 Rb8 26. Qxa7 Rxb2 27. Rd1 Qe5 28. Qd7 Kg7 29. Na4 Rb3 30. Qxc6 Rd3 31. Rc1 f4 32. Nc5 Rd6 33. Qb5 Rd2 34. Qb4 Rc2 0-1

[Event "51st Rilton Cup 2023-24"]
[Site "Stockholm"]
[Date "2024.01.03"]
[Round "7.7"]
[White "Bailet, Pierre"]
[Black "Aoshima, Mirai"]
[Result "1-0"]
[ECO "B62"]
[WhiteElo "2492"]
[BlackElo "2367"]
[Annotator "TA"]
[PlyCount "87"]
[EventDate "2023.12.27"]
[EventType "swiss"]
[EventCountry "SWE"]
[SourceTitle "playchess.com"]
[Source "ChessBase"]
[SourceQuality "1"]
[TimeControl "40/5400+30:1800+30"]

1. e4 c5 2. Nf3 d6 3. d4 cxd4 4. Nxd4 Nf6 5. Nc3 Nc6 6. Bg5 e6 7. Bb5 Bd7 8. Qd3 {[%emt 0:00:53] Nowadays more popular than 8.Bxc6. B62: Sicilian: Richter-Rauzer: 6...e6: Unusual White 7th moves.} Be7 9. O-O-O h6 10. Bh4 {[%emt 0:02:23] White has an edge.} O-O 11. Bxc6 Bxc6 12. f4 Rc8 13. f5 {[%emt 0:12:17] [#]} e5 $146 ({Predecessor:} 13... Bd7 14. Rhg1 Ng4 15. Bxe7 Qxe7 16. Qg3 Ne5 17. Rdf1 Qg5+ 18. Qxg5 hxg5 19. Rd1 Nc4 {1-0 Sychev,K (2549)-Tan,J (2307) Titled Tuesday intern op 14th Feb Early blitz 2023 (2)}) 14. Bxf6 Bxf6 15. Nxc6 bxc6 {[%emt 0:00:44] Black is weak on the light squares} 16. Qxd6 Qb6 17. Qd3 Rfd8 18. Qc4 Rd4 19. Rxd4 exd4 20. Nd5 cxd5 {[%emt 0:08:24] White leaves nothing to chance now.} ({Better is} 20... Bg5+ $14 21. Kb1 Qd8) 21. Qxc8+ $14 {[%emt 0:00:08][%mdl 4096] Endgame KQR-KQB} Kh7 {[%emt 0:00:03] [#] White must now prevent ...d3.} 22. e5 $1 ({Much worse is} 22. exd5 $6 d3 23. Qc4 (23. cxd3 $2 {perishes.} Qxb2+ 24. Kd1 Bc3 $19) 23... Qxb2+ 24. Kd2 dxc2 25. Qxc2 Qd4+ 26. Qd3 Qf2+ 27. Kd1 Qxg2 $11) 22... Bxe5 {[%emt 0:00:03][%cal Od4d3] ...d3! would be deadly.} 23. f6 {[%emt 0:02:21] Hoping for Qf5+.} Qxf6 {[%emt 0:04:24] [#]} (23... g6 $16 {was called for.} 24. Qd7 Qxf6) 24. Qh3 $1 $18 Bf4+ 25. Kb1 {[%emt 0:00:41] And now Rf1 would win.} Be3 26. Qf3 Qe6 (26... Qxf3 {was worth a try.} 27. gxf3 Kg6) 27. Rf1 Kg6 28. g4 {[%emt 0:02:52] Qf5+ is the strong threat.} f6 29. Qf5+ Kf7 30. Qxe6+ Kxe6 {[%emt 0:00:03] KR-KB} 31. a4 Ke5 (31... Kd6 $142 32. h4 Kc5) 32. b4 Bd2 33. b5 Bb4 34. Kc1 (34. Rf2 $142) 34... g6 $2 (34... Ke4 35. Rf5 Be1) 35. Kd1 f5 $2 (35... d3 36. cxd3 Bc3) 36. gxf5 gxf5 37. Rg1 f4 38. Rg7 f3 39. Rxa7 Ke4 40. Rf7 $2 (40. b6 Ke3 41. Rg7) 40... Ba5 $2 (40... Ke3 41. b6 f2) 41. Rf6 {[%emt 0:31:19] White is clearly winning.} h5 42. b6 Ke3 43. b7 Bc7 44. Ke1 {[%emt 0:00:00] Weighted Error Value: White=0.29 (precise) /Black=0.37} 1-0

[Event "51st Rilton Cup 2023-24"]
[Site "Stockholm"]
[Date "2024.01.03"]
[Round "7.8"]
[White "Kulaots, Kaido"]
[Black "Olsson, William"]
[Result "1-0"]
[ECO "B31"]
[WhiteElo "2524"]
[BlackElo "2379"]
[Annotator "TA"]
[PlyCount "105"]
[EventDate "2023.12.27"]
[EventType "swiss"]
[EventCountry "SWE"]
[SourceTitle "playchess.com"]
[Source "ChessBase"]
[SourceQuality "1"]
[TimeControl "40/5400+30:1800+30"]

1. e4 c5 2. Nc3 Nc6 3. Bb5 Nd4 4. Nf3 g6 5. Nxd4 cxd4 6. Ne2 Bg7 7. O-O e6 {[%emt 0:05:09] B31: Sicilian: 2...Nc6 3 Bb5 g6.} 8. c3 a6 9. Ba4 b5 {[%emt 0:01:25] Strongly threatening ...dxc3. White is slightly better.} 10. Bc2 dxc3 11. bxc3 {[%emt 0:03:14] [#]} d5 $146 ({Predecessor:} 11... Ne7 12. a4 Rb8 13. axb5 axb5 14. Ba3 d6 15. d4 O-O 16. Rb1 Qc7 17. Bd3 Ba6 {1-0 Shevchenko,K (2451)-Ibrahimli,M (2155) Wch FIDE Online U18 Europe qual rapid 2020 (3)}) 12. d4 Ne7 13. e5 O-O 14. h4 f6 15. exf6 Bxf6 {[%emt 0:00:11] [#]} 16. h5 $1 e5 17. dxe5 Bxe5 18. Nd4 Qd6 19. a4 b4 {[%emt 0:07:50] [#]} 20. cxb4 $1 Qf6 21. Be3 Qh4 {[%emt 0:01:50][%csl Ge5][%cal Rh4h2] [#]} 22. f4 $1 Bxf4 (22... Rxf4 23. Bxf4) 23. Bxf4 Rxf4 24. Rxf4 Qxf4 25. Qd3 {[%emt 0:00:09] Dodges Qe3+. Black must now prevent Re1.} Qd6 ({Better is} 25... Bf5 $14 26. Nxf5 Qxf5) 26. Qd2 Bd7 27. h6 Rf8 28. Re1 Rf7 {[%emt 0:01:19] [#]} 29. Bb3 ({White should play} 29. a5 $1) 29... Kf8 $16 30. Nf3 {[%emt 0:07:39][%cal Bd4f3,Bf3g5,Bg5h7][%mdl 32] Hoping for Ng5. White is more active.} Qf4 {[%emt 0:10:23] Prevents Ng5} (30... Rf4 $16) 31. Qc3 $18 (31. Bxd5 $2 Qxd2 32. Nxd2 Nxd5 $19) 31... Qf6 $2 (31... Rf6 32. b5 (32. Qc5 Re6 $16) 32... axb5 33. axb5 (33. Qc5 Qd6 $16) 33... g5) 32. Qxf6 Rxf6 33. Ng5 Rf4 $2 (33... Rf5) 34. Nxh7+ Kf7 35. Ng5+ Kf6 36. Nh7+ Kf7 37. Rf1 Rxf1+ 38. Kxf1 {[%emt 0:00:02][%mdl 4096] Endgame KBN-KBN} Bc6 $2 (38... Nf5 39. Ng5+ (39. Bxd5+ Ke7 $16) 39... Kf6) 39. Ng5+ Kf6 (39... Kg8 $142 40. Ke2 Nf5) 40. Nh7+ Kf7 $1 41. g4 {[%emt 0:03:33][%cal Bg2g4,Bg4g5][%mdl 32] Wards off Nf5. White is clearly winning.} Nc8 42. g5 Nb6 43. a5 Nd7 44. Kf2 Ke6 45. Bc2 Kf7 46. Ke3 Bb5 47. Bb3 Bc4 48. Bxc4 dxc4 49. Kd4 Ne5 50. Kc3 (50. Kxe5 $2 {is the wrong capture.} c3 51. b5 c2 $19) 50... Ke6 51. Nf6 Kf5 52. h7 Nf7 53. b5 {[%emt 0:00:14][%mdl 64] Promotion.   Weighted Error Value: White=0.58/Black=0.55} 1-0

[Event "51st Rilton Cup 2023-24"]
[Site "Stockholm"]
[Date "2024.01.03"]
[Round "7.9"]
[White "Krishna C R G"]
[Black "Gorshtein, Ido"]
[Result "0-1"]
[ECO "E14"]
[WhiteElo "2396"]
[BlackElo "2523"]
[Annotator "TA"]
[PlyCount "52"]
[EventDate "2023.12.27"]
[EventType "swiss"]
[EventCountry "SWE"]
[SourceTitle "playchess.com"]
[Source "ChessBase"]
[SourceQuality "1"]
[TimeControl "40/5400+30:1800+30"]

1. d4 Nf6 2. Nf3 e6 3. e3 c5 4. Bd3 b6 5. O-O Bb7 6. c4 cxd4 7. exd4 {[%emt 0:00:03] E14: Queen's Indian: Classical Variation (4 e3).} d6 (7... d5 $11) 8. Nc3 Nbd7 {[%emt 0:01:05] [#]} 9. d5 $1 {[%emt 0:07:13] White is better.} e5 10. Ng5 Be7 11. f4 a6 {[%emt 0:16:23][%cal Ob6b5] [#]} 12. Be3 $146 {[%emt 0:13:45][%mdl 2048] White is really pushing.} ({Predecessor:} 12. b3 Qc7 13. Bb2 exf4 14. Rxf4 Ne5 15. Nce4 Nxe4 16. Nxe4 Rf8 17. Bxe5 dxe5 18. Rf1 {0-1 Westerberg,J (2498)-Kunin,V (2582) Vaxjo Visma GM 2016 (1)}) 12... Rc8 13. Qe2 O-O 14. Nce4 ({Better is} 14. fxe5 $16 dxe5 15. Nge4 Nxe4 16. Bxe4) 14... Nxe4 $11 15. Bxe4 Nf6 (15... h6 $11 {keeps the balance.} 16. Bh7+ Kh8) 16. Bf5 $16 Rb8 {[%emt 0:01:53][%cal Ob6b5] Black is weak on the light squares} 17. Rad1 exf4 18. Bxf4 ({White should play} 18. Rxf4 $16 {Bc2 would be deadly.} h6 19. Nf3) 18... g6 19. Rde1 (19. Be6 $14 fxe6 20. Qxe6+ Kg7 21. Rde1 Nxd5 22. cxd5 Bxg5 23. Bxd6) 19... Nxd5 $11 {[%emt 0:02:09][%mdl 64] Discovered Attack} 20. Nxf7 (20. Nxh7 $1 $11 Nxf4 {[%mdl 64] Discovered Attack} 21. Rxf4 Kxh7 22. Qh5+ Kg7 23. Rg4) 20... Nxf4 $17 {[%emt 0:01:28][%mdl 64] Discovered Attack} (20... Rxf7 $2 21. Be6 (21. cxd5 $2 {loses.} gxf5 22. Qe6 Bc8 $19) 21... Nxf4 22. Bxf7+ Kg7 23. Qxe7 Qxe7 24. Rxe7 $18) 21. Rxf4 {[%emt 0:00:00] Intending Bxg6 and mate.} Kxf7 (21... Rxf7 $2 22. Be6 Bf6 23. Bxf7+ Kg7 24. Be6 $18) 22. Bxg6+ Kxg6 23. Qe6+ (23. Qg4+ $17 {was worth a try.} Bg5 24. Rxf8 Qxf8 25. Re6+ Kf7 26. Qf5+ Kg8 27. Qxg5+ Qg7 28. Qxg7+ Kxg7 29. Rxd6) 23... Rf6 $19 (23... Kg5 {leads to mate.} 24. h4+ Kh5 25. Qg4+ Kh6 26. Re6+ Rf6 27. Qg5#) 24. Rg4+ Kh5 25. Qe2 {[%emt 0:00:01] [#] And now Rg8+ would win.} Rg6 26. h3 $2 {[%emt 0:01:25] [#]} (26. Rxg6+ Kxg6 27. Qxe7 Qxe7 28. Rxe7) 26... Kh6 $2 {[%emt 0:00:24] Weighted Error Value: White=0.67/Black=0.17 (very precise)} 0-1

[Event "51st Rilton Cup 2023-24"]
[Site "Stockholm"]
[Date "2024.01.03"]
[Round "7.10"]
[White "Aradhya, Garg"]
[Black "Hillarp Persson, Tiger"]
[Result "1-0"]
[ECO "A70"]
[WhiteElo "2390"]
[BlackElo "2493"]
[Annotator "TA"]
[PlyCount "63"]
[EventDate "2023.12.27"]
[EventType "swiss"]
[EventCountry "SWE"]
[SourceTitle "playchess.com"]
[Source "ChessBase"]
[SourceQuality "1"]
[TimeControl "40/5400+30:1800+30"]

1. d4 Nf6 2. c4 e6 3. Nf3 c5 4. d5 d6 5. Nc3 exd5 6. cxd5 g6 7. h3 Bg7 8. e4 O-O 9. Bd3 Re8 10. O-O Nbd7 {[%emt 0:00:08][%cal Oc5c4] A70: Modern Benoni: 6 e4 g6 7 Nf3.} 11. Bf4 c4 $1 12. Bc2 Nc5 $1 {[%emt 0:06:04][%cal Rc5e4] The position is equal.} 13. Re1 b5 {[%emt 0:06:37][%mdl 64] [#] Deflection} 14. Nxb5 Nfxe4 15. Bxe4 Nxe4 16. Qc2 Bd7 (16... Ba6 {seems wilder.} 17. Nfd4 Qd7 18. Qxc4 Rac8) 17. Nbd4 {[%emt 0:04:29] [#] A dynamic duo of knights.} (17. Nxd6 $2 Nxd6 18. Bxd6 Rxe1+ 19. Rxe1 Bf5 20. Qxc4 Qxd6 $19) 17... f5 $146 ({Predecessor:} 17... Nf6 18. Qxc4 Qb6 19. Nb3 Rec8 20. Qd4 Qa6 21. Qd2 Bf5 22. Nbd4 Be4 23. Qb4 Bxd5 24. Qxd6 {0-1 Dill,J (1792)-Wang,T (2317) Charlotte Carolinas op 2021 (1)}) 18. Qxc4 Qb6 19. Re2 (19. Be3 $1 $14 {is more appropriate.} Qxb2 20. Rac1) 19... g5 20. Be3 {[%emt 0:01:50][%cal Od4f5] [#] Strongly threatening Nxf5!} Qc5 $1 21. Qxc5 (21. Rc1 $5 ) 21... dxc5 22. Nc6 g4 23. hxg4 fxg4 24. Ne1 (24. Nh4 $5 ) 24... g3 25. Nd3 (25. Rc2 $11) 25... c4 $17 26. Nf4 Nxf2 (26... c3 $17 27. bxc3 Nxc3) 27. Rc1 (27. Nh5 $1 $11 {keeps the balance.}) 27... Ng4 (27... Nd3 $17 28. Rxc4 Bg4 {[%mdl 64] Deflection}) 28. Bc5 $11 ({Reject} 28. Bxa7 c3 29. Rxe8+ (29. bxc3 $2 Rxe2 30. Nxe2 Bxc6 $19) 29... Bxe8 30. bxc3 (30. Ne7+ $2 Kh8 $19) 30... Bxc6 31. dxc6 Rxa7 $17) 28... Bxc6 29. dxc6 Bh6 (29... Be5 $11 {remains equal.} 30. Re4 (30. Rxc4 Rad8 $15) 30... Bxb2) 30. Rxc4 $16 {[%emt 0:00:50] Threatens to win with c7. White is more active.} Bxf4 (30... Ne5 $16 {is tougher.} 31. Rce4 Rad8) 31. Rxe8+ $18 Rxe8 32. Rxf4 {[%emt 0:00:01] Weighted Error Value: White=0.21 (precise) /Black=0.46} 1-0

[Event "51st Rilton Cup 2023-24"]
[Site "Stockholm"]
[Date "2024.01.03"]
[Round "7.11"]
[White "Rozentalis, Eduardas"]
[Black "D`Costa, Lorin"]
[Result "1-0"]
[ECO "B11"]
[WhiteElo "2454"]
[BlackElo "2375"]
[Annotator "RC"]
[PlyCount "57"]
[EventDate "2023.12.27"]
[EventType "swiss"]
[EventCountry "SWE"]
[SourceTitle "playchess.com"]
[Source "ChessBase"]
[SourceQuality "1"]
[TimeControl "40/5400+30:1800+30"]

1. e4 c6 2. Nc3 d5 3. Nf3 Bg4 4. h3 Bxf3 5. Qxf3 e6 6. d4 Nf6 7. Qd3 dxe4 8. Nxe4 Nbd7 9. Ng5 g6 10. g3 Bg7 11. Bg2 O-O 12. O-O a5 13. Bd2 Nd5 14. Rad1 b5 15. Rfe1 Qb6 16. c3 Rad8 17. h4 N7f6 18. Bf1 Rb8 19. Nf3 Rfd8 20. Ne5 c5 21. dxc5 Qxc5 22. Bg5 Qc7 23. Qf3 h6 24. Bc1 Rd6 25. a3 h5 26. Bh3 Rbb6 27. Qe2 Nd7 28. Nxf7 Kxf7 29. Rxd5 1-0

[Event "51st Rilton Cup 2023-24"]
[Site "Stockholm"]
[Date "2024.01.03"]
[Round "7.12"]
[White "Tulchynskyi, Feliks"]
[Black "Terrieux, Kevin"]
[Result "1/2-1/2"]
[ECO "E59"]
[WhiteElo "2325"]
[BlackElo "2432"]
[Annotator "RC"]
[PlyCount "74"]
[EventDate "2023.12.27"]
[EventType "swiss"]
[EventCountry "SWE"]
[SourceTitle "playchess.com"]
[Source "ChessBase"]
[SourceQuality "1"]
[TimeControl "40/5400+30:1800+30"]

1. d4 Nf6 2. c4 e6 3. Nc3 Bb4 4. e3 O-O 5. Bd3 d5 6. Nf3 dxc4 7. Bxc4 c5 8. O-O Nc6 9. a3 Bxc3 10. bxc3 Qc7 11. Bd3 e5 12. dxe5 Nxe5 13. Nxe5 Qxe5 14. Rb1 b6 15. c4 Bb7 16. f3 Rad8 17. Qc2 Rd6 18. Re1 Rfd8 19. Bf1 Qe6 20. e4 Nd7 21. Bf4 Ne5 22. Red1 Rxd1 23. Rxd1 Rxd1 24. Qxd1 Qd7 25. Qxd7 Nxd7 26. Kf2 f6 27. Ke3 Ne5 28. Bxe5 fxe5 29. f4 Kf7 30. f5 Bc6 31. h4 Kf6 32. Bd3 Be8 33. Be2 Bd7 34. g3 Be8 35. Kd2 Bc6 36. Ke3 Be8 37. Kd2 Bc6 1/2-1/2